 Dungeon Crawl Stone Soup version 0.31-a0-246-g8cbcc1cb85 (webtiles) character file.

Game seed: 7593257339796119275

236 qw the Covered (level 5, -7/42 HPs)
             Began as a Minotaur Hexslinger on July 12, 2023.
             Killed by divine providence
             ... invoked by an orc priest
              (14 damage)
             ... on level 3 of the Dungeon.
             The game lasted 00:00:43 (1654 turns).

qw the Covered (Minotaur Hexslinger)                Turns: 1654, Time: 00:00:43

Health: -7/42      AC:  9    Str: 16 (18) XL:     5   Next: 77%
Magic:  5/5        EV: 11    Int:  9 (10) God:
Gold:   216        SH:  0    Dex: 13 (15) Spells: 5/6 levels left

rFire   . . .        Y - +1 sling
rCold   . . .        (no shield)
rNeg    . . .        g - +0 ring mail
rPois   .            (helmet restricted)
rElec   .            (no cloak)
rCorr   .            (no gloves)
SInv    .            e - +2 pair of boots
Will    .....        (no amulet)
Stlth   +            j - +6 ring of strength
HPRegen 0.27/turn    (no ring)
MPRegen 0.09/turn

%: no passive effects
@: no status effects
A: horns 2, retaliatory headbutt
a: no special abilities


You were on level 3 of the Dungeon.
You visited 1 branch of the dungeon, and saw 3 of its levels.

You collected 216 gold pieces.


Innate Abilities, Weirdness & Mutations

You have a pair of horns on your head.
You reflexively headbutt those who attack you in melee.


   Skills:
 - Level 2.5 Fighting
 + Level 4.3 Ranged Weapons
 - Level 4.8 Armour
 - Level 2.1 Dodging
 - Level 1.0 Spellcasting
 - Level 2.0 Hexes


You had 5 spell levels left.
You knew the following spells:

 Your Spells              Type           Power      Damage    Failure   Level
a - Slow                  Hex            16%        N/A       28%         1

Your spell library contained the following spells:

 Spells                   Type           Power      Damage    Failure   Level
 Inner Flame              Hex/Fire       2%         N/A       78%         3
 Portal Projectile        Hex/Tloc       4%         N/A       78%         3
 Cause Fear               Hex            2%         N/A       96%         4

Inventory:

Hand Weapons
 Y - a +1 sling (weapon)
Armour
 e - a +2 pair of boots (worn)
 g - a +0 ring mail (worn)
Jewellery
 j - a +6 ring of strength (left hand)
Scrolls
 a - a scroll of identify
Potions
 b - a potion of might {unknown}
 c - a potion of heal wounds {unknown}
 i - a potion of curing {unknown}

Dungeon Overview and Level Annotations

Branches:
Dungeon (3/15)

Altars:


Message History

The orc priest is heavily wounded.
The orc priest hits you with a +0 dagger.
The orc priest invokes the aid of Beogh against you.
Beogh smites you!
You shoot a sling bullet.
The sling bullet barely misses the orc priest.
The sling bullet hits the orc priest but does no damage.
The orc priest is moderately wounded.
The orc priest closely misses you.
The orc priest miscasts a cantrip.
You shoot a sling bullet.
The sling bullet hits the orc priest but does no damage.
The orc priest is heavily wounded.
The orc priest closely misses you. You furiously retaliate!
You headbutt the orc priest.
The orc priest casts a cantrip, but nothing happens.
You shoot a sling bullet.
The sling bullet closely misses the orc priest. x2
The orc priest hits you but does no damage.
The orc priest begins to cast a cantrip, but forgets the words!
The orc priest hits you but does no damage.
You shoot a sling bullet. The sling bullet hits the orc priest.
The orc priest is severely wounded.
The orc priest begins to cast a cantrip, but forgets the words!
You shoot a sling bullet.
The sling bullet closely misses the orc priest.
The sling bullet hits the orc priest.
The orc priest is moderately wounded.
The orc priest hits you but does no damage.
You shoot a sling bullet.
The sling bullet closely misses the orc priest.
The sling bullet hits the orc priest but does no damage.
The orc priest is moderately wounded.
The orc priest calls upon Beogh to heal the orc priest.
The orc priest's wounds heal themselves!
The orc priest mumbles some strange prayers to Beogh against you.
Beogh smites you!
The orc priest calls down the wrath of Beogh upon you.
Beogh smites you!
You die...

#.#8.8.8.8##...###..
#.......####...# #..
##.##8.8# .....# ###
#.#######.....# #.#
#....## #.## #....#
#..# #....# ##.# #@#
#o# #og...oo#
###.8.8.# #$$.##
####


You could see 2 orc priests and a goblin.

Vanquished Creatures
  Sigmund (D:2)
  3 adders
  2 worms (D:3)
  4 orcs (D:3)
  3 ball pythons
  2 endoplasms
  2 giant cockroaches (D:2)
  7 goblins
  3 hobgoblins
  A quokka (D:2)
  3 bats
  4 frilled lizards
  2 kobolds
  9 rats
46 creatures vanquished.

Notes
Turn   | Place    | Note
-------+----------+-------------------------------------------
     0 | D:1      | qw the Minotaur Hexslinger began the quest for the Orb.
     0 | D:1      | Reached XP level 1. HP: 16/16 MP: 1/1
     0 | D:1      | 0 ||| qw: Version: 0.3-a-52-g30416fa
     0 | D:1      | 0 ||| qw: Game counter: 6421
     0 | D:1      | 0 ||| qw: Melee chars always use a shield: true
     0 | D:1      | 0 ||| qw: God list: Okawaru
     0 | D:1      | 0 ||| qw: Allow faded altars: false
     0 | D:1      | 0 ||| qw: Do Orc after clearing Dungeon:15 true
     0 | D:1      | 0 ||| qw: Do second Lair branch before Depths: true
     0 | D:1      | 0 ||| qw: Lair rune preference: random
     0 | D:1      | 0 ||| qw: Goals: Normal
     0 | D:1      | 0 ||| PLANNING D:1-11
   260 | D:1      | Reached skill level 3 in Ranged Weapons
   262 | D:1      | Reached XP level 2. HP: 18/23 MP: 2/2
   650 | D:1      | 650 ||| UPGRADING to +0 pair of boots.
   655 | D:1      | 655 ||| UPGRADING to +0 ring mail.
   665 | D:1      | 665 ||| DROPPING +0 robe.
   666 | D:1      | 666 ||| UPGRADING to +6 ring of strength.
   667 | D:1      | 667 ||| READING 3 scrolls labelled ESUPAL DULODWE.
   668 | D:1      | 668 ||| READING scroll labelled HUNAGR OXTUU.
   669 | D:1      | 669 ||| READING 2 scrolls of identify.
   669 | D:1      | 669 ||| IDENTIFYING sapphire potion
   670 | D:1      | 670 ||| DROPPING scroll of poison.
   671 | D:1      | 671 ||| DROPPING potion of attraction.
   714 | D:2      | 714 ||| STAIRDANCE
   775 | D:2      | 775 ||| READING scroll of enchant armour.
   775 | D:2      | 775 ||| ENCHANTING +0 pair of boots.
   912 | D:2      | Reached XP level 3. HP: 30/30 MP: 3/3
  1146 | D:2      | 1146 ||| READING scroll of enchant armour.
  1146 | D:2      | 1146 ||| ENCHANTING +1 pair of boots.
  1290 | D:2      | Noticed Sigmund
  1307 | D:2      | HP: 5/30 [something (7)]
  1309 | D:2      | Killed Sigmund
  1310 | D:2      | Reached XP level 4. HP: 6/37 MP: 4/4
  1310 | D:2      | Reached XP level 5. HP: 7/42 MP: 5/5
  1526 | D:2      | 1526 ||| READING scroll labelled JOTOS BEOCUNUS.
  1527 | D:2      | 1527 ||| DRINKING 2 grey potions.
  1528 | D:2      | 1528 ||| DROPPING potion of degeneration.
  1588 | D:3      | Found a faded altar of an unknown god.
  1635 | D:3      | 1635 ||| Stepping ~*~*~tactically~*~*~ (outnumbered).
  1654 | D:3      | HP: 7/42 [orc priest/divine providence (14)]
  1654 | D:3      | Killed from afar by an orc priest

Levels and vault maps discovered:
D:1:      minmay_arrival_nine_rooms, layout_loops_ring
D:2:      layout_loops_ring, minmay_fountain_box, uniq_sigmund
D:3:      layout_basic, lemuel_crystal_altar, ebering_ecumenical_altar_ruins,
          corexii_corridor_pit, kennysheep_orc_chapel

Skill      XL: |  1  2  3 |
---------------+----------+-----
Ranged Weapons | 3 4 |  4.3
Fighting       | 2 |  2.5
Armour         | 4 |  4.8
Dodging        | |  2.1
Spellcasting   | |  1.0
Hexes          | |  2.0

Action                     |  1- 3 |  4- 6 || total
---------------------------+-------+-------++-------
   Fire: Sling             |   121 |    54 ||   175
    Use: Scroll            |     5 |     1 ||     6
         Potion            |       |     1 ||     1
 Armour: Robe              |     5 |       ||     5
         Ring mail         |    22 |    11 ||    33
  Dodge: Dodged            |    40 |    13 ||    53

Table legend:
 A = Non-vault XP
 B = Vault XP
 C = Vault XP percentage of total XP
 D = Non-vault monster count
 E = Vault monster count
 F = Vault count percentage of total count
                 A         B        C        D         E       F
            +---------+---------+-------+---------+---------+-------
      Total |     112 |     226 |  66.9 |      44 |       2 |   4.3
            +---------+---------+-------+---------+---------+-------
        D:1 |      31 |       0 |   0.0 |      14 |       0 |   0.0
        D:2 |      53 |     223 |  80.8 |      20 |       1 |   4.8
        D:3 |      28 |       3 |   9.7 |      10 |       1 |   9.1
            +---------+---------+-------+---------+---------+-------
